AoeStats
← Mauricio 1783

Northern Isles

510670864Analyzed
1v1 RM · 1d ago on Oct 2, 2026· 44m 39s· 2 players
Game mode
Random Map
Map size
Tiny (2 player)
Population
200
Speed
Normal
Resources
Standard
Victory
Conquest
Starting age
Dark Age
Ending age
Imperial Age
RankedLock teamsTeams togetherTeam positionsShared explorationLock speedFull tech treeHidden civsTurbo modeCheats
Victory
Defeat
🇨🇴 Japanese · Colombia
1162
+15
🇵🇪 Magyars · Peru
1130
-15
Ging_AD
12:39 Feudal Age
10:56 Loom
12:51 Man-at-Arms
13:23 Double-Bit Axe
18:15 Castle Age
17:50 Fletching
18:50 Gold Mining
19:39 Bow Saw
19:12 Long Swordsman
20:01 Crossbowman
23:49 Forging
25:11 Gambesons
27:10 Stone Mining
31:41 Bodkin Arrow
32:48 Horse Collar
33:09 Arson
34:07 Scale Mail Armor
33:59 Fishing Lines
38:18 Imperial Age
36:29 Wheelbarrow
35:40 Town Watch
37:42 Hand Cart
37:28 Town Patrol
37:37 Thumb Ring
37:50 Chain Mail Armor
38:54 Squires
39:31 Iron Casting
38:30 Arbalester
41:34 Bracer
41:58 Ballistics
42:38 Chemistry
41:46 Gillnets
41:36 Two-Handed Swordsman
43:26 Champion
44:45 Heavy Plow
Mauricio 1783
8:49 Loom
11:13 Feudal Age
12:16 Double-Bit Axe
16:46 Fletching
18:21 Horse Collar
20:25 Padded Archer Armor
23:10 Castle Age
23:54 Wheelbarrow
23:54 Elite Skirmisher
26:18 Bow Saw
26:10 Padded Archer Armor
27:28 Crossbowman
29:14 Bodkin Arrow
31:34 Ballistics
37:01 Thumb Ring
38:49 Hand Cart
41:33 Town Watch
42:46 Leather Archer Armor
Connection lost

Rejoining the realm…

Still unreachable

The connection could not be restored.

Session expired

The server has moved on; the page needs a fresh start.